 Dungeon Crawl Stone Soup version 0.21.1-1-g345015f (webtiles) character file.

20 Monsterracer the Ducker (level 2, 0/22 HPs)
             Began as a Merfolk Arcane Marksman on June 2, 2018.
             Slain by a jackal (1 damage)
             ... on level 1 of the Dungeon.
             The game lasted 00:03:38 (719 turns).

Monsterracer the Ducker (Merfolk Arcane Marksman)    Turns: 719, Time: 00:03:39

Health: 0/22       AC:  2    Str: 10    XL:     2   Next: 79%
Magic:  3/3        EV: 13    Int: 12    God:
Gold:   37         SH:  0    Dex: 14    Spells: 2/3 levels left

rFire    . . .     SeeInvis .   g - +0 dagger
rCold    . . .     Gourm    .   (no shield)
rNeg     + . .     Faith    .   a - +0 robe
rPois    .         Spirit   .   (no helmet)
rElec    .         Reflect  .   (no cloak)
rCorr    .         Harm     .   (no gloves)
MR       .....                  (no boots)
Stlth    +.........             (no amulet)
HPRegen  0.07/turn              h - ring of positive energy
MPRegen  0.08/turn              (no ring)

@: no status effects
A: change form in water, swift swim, stealthy swim
a: no special abilities


You were on level 1 of the Dungeon.
You were not hungry.

You visited 1 branch of the dungeon, and saw 1 of its levels.

You collected 37 gold pieces.

Inventory:

Hand Weapons
 g - a +0 dagger (weapon)
Armour
 a - a +0 robe (worn)
Jewellery
 h - a ring of positive energy (left hand)
Scrolls
 e - a scroll of identify {unknown}
 k - a scroll of immolation {unknown}
Potions
 b - a potion of ambrosia {unknown}
 i - a potion of berserk rage {unknown}
 j - a potion of curing {unknown}
Comestibles
 c - a ration


   Skills:
 * Level 2.2 Fighting
 * Level 2.3 Throwing
 + Level 3.2 Dodging
 - Level 1.0 Spellcasting
 - Level 3.0 Hexes


You had 2 spell levels left.
You knew the following spells:

 Your Spells              Type           Power        Failure   Level  Hunger
a - Corona                Hex            #......      9%          1    ##.....


Dungeon Overview and Level Annotations

Branches:
Dungeon (1/15)

Altars:


Message History

You take 3 damage, and have 6/22 hp.
Unknown command.
Throwing (i - inventory. (,) - cycle):
f - 4 javelins (quivered)
Press: ? - help, Shift-Dir - straight line, f/p - jackal
Aim: a jackal (heavily wounded)
You throw a javelin. The javelin barely misses the jackal.
The jackal closely misses you. The jackal bites you.
* * * LOW HITPOINT WARNING * * *
You take 2 damage, and have 4/22 hp.
Unknown command.
Throwing (i - inventory. (,) - cycle):
f - 3 javelins (quivered)
Press: ? - help, Shift-Dir - straight line, f/p - jackal
Aim: a jackal (heavily wounded)
You throw a javelin. The javelin hits the jackal.
You kill the jackal!
You start resting.
A jackal comes into view.
The jackal barks!
A jackal comes into view.
You see here a club.
The jackal bites you.
* * * LOW HITPOINT WARNING * * *
You take 1 damage, and have 4/22 hp.
Throwing (i - inventory. (,) - cycle):
f - 2 javelins (quivered)
Press: ? - help, Shift-Dir - straight line, f - jackal
Aim: a jackal You throw a javelin.
The javelin hits the jackal but does no damage.
The jackal bites you but does no damage.
The jackal bites you.
* * * LOW HITPOINT WARNING * * *
You take 1 damage, and have 3/22 hp.
Throwing (i - inventory. (,) - cycle):
f - a javelin (quivered)
Press: ? - help, Shift-Dir - straight line, f/p - jackal
Aim: a jackal You throw a javelin.
The javelin barely misses the jackal.
You hear a bark!
The jackal bites you.
* * * LOW HITPOINT WARNING * * *
The jackal bites you.
* * * LOW HITPOINT WARNING * * *
You take 2 damage, and have 1/22 hp.
Throwing (i - inventory):
d - 2 throwing nets (quivered)
Press: ? - help, Shift-Dir - straight line, f/p - jackal
Aim: a jackal You throw a throwing net.
The throwing net hits the jackal.
The jackal is caught in the net!
The jackal struggles against the net.
You hit the jackal.
The jackal is severely wounded.
The jackal struggles against the net.
You hit the jackal but do no damage.
The jackal is severely wounded.
The jackal struggles against the net. x2
The net rips apart, and the jackal comes free!
Throwing (i - inventory):
d - a throwing net (quivered)
Press: ? - help, Shift-Dir - straight line, f/p - jackal
Aim: a jackal (severely wounded)
You throw a throwing net. The throwing net hits the jackal.
The jackal is caught in the net!
The jackal is severely wounded.
The jackal struggles against the net.
You hit the jackal but do no damage.
The jackal is severely wounded.
The jackal struggles against the net. x2
You catch the helpless jackal completely off-guard!
You hit the jackal.
You kill the jackal!
Things that are here:
a throwing net; a javelin The jackal barks!
You hit the jackal.
The jackal is moderately wounded.
The jackal misses you.
You barely miss the jackal.
The jackal is moderately wounded.
The jackal closely misses you. x2
You barely miss the jackal.
The jackal is moderately wounded.
The jackal barely misses you.
You closely miss the jackal.
The jackal is moderately wounded.
The jackal bites you but does no damage. x2
You hit the jackal.
The jackal is severely wounded.
The jackal barely misses you.
You hit the jackal but do no damage.
The jackal is severely wounded.
The jackal bites you.
* * * LOW HITPOINT WARNING * * *
You take 1 damage, and have 1/22 hp.
You barely miss the jackal.
The jackal is severely wounded.
The jackal bites you but does no damage. x2
You hit the jackal but do no damage.
The jackal is severely wounded.
The jackal bites you but does no damage.
You hit the jackal but do no damage.
The jackal is severely wounded.
The jackal bites you.
You die...

### #.#
################.##
.h.....(..........#
######(########.##
#.# #.#
#)########.########
#(.(.h............#
#..###@##..#.....##
#..# #.##..#####†#
#..# #.##..# #.#
#..###.##..#####.#
#................#
#..........#####.#
...........).....#
........>#######
........####


You could see a jackal.

Vanquished Creatures
  A dart slug (D:1)
  3 bats (D:1)
  A goblin (D:1)
  4 hobgoblins (D:1)
  2 jackals (D:1)
  3 kobolds (D:1)
  2 rats (D:1)
16 creatures vanquished.

Notes
Turn   | Place    | Note
-------+----------+-------------------------------------------
     0 | D:1      | Monsterracer the Merfolk Arcane Marksman began the quest for the Orb.
     0 | D:1      | Reached XP level 1. HP: 15/15 MP: 2/2
   274 | D:1      | Reached XP level 2. HP: 22/22 MP: 3/3
   685 | D:1      | HP: 10/22 [jackal (2)]
   687 | D:1      | HP: 4/22 [jackal (2)]
   698 | D:1      | HP: 4/22 [jackal (1)]
   700 | D:1      | HP: 1/22 [jackal (1)]
   716 | D:1      | HP: 1/22 [jackal (1)]
   719 | D:1      | Slain by a jackal

Skill      XL: |  1  2 |
---------------+-------+-----
Dodging        | 3 |  3.2
Fighting       | 2 |  2.2
Throwing       | |  2.3
Spellcasting   | |  1.0
Hexes          | |  3.0

Action                   || total
-------------------------++-------
Melee: Unarmed           ||    14
       Dagger            ||    43
Throw: Javelin           ||    20
       Throwing net      ||     2
 Stab: Held in net/web   ||     1
Armor: Robe              ||    16
Dodge: Dodged            ||    37

Vault maps used:
D:1:      lemuel_arrival_tunnels
